 Dungeon Crawl Stone Soup version 0.18-a0-1800-gdc7a371 (webtiles) character file.

116 zxpr0jk the Chiller (level 4, -16/33 HPs)
             Began as a Draconian Ice Elementalist on Apr 24, 2016.
             Demolished by an orc warrior
             ... wielding a +0 halberd
              (19 damage)
             ... on level 4 of the Dungeon.
             The game lasted 00:04:21 (2308 turns).

zxpr0jk the Chiller (Draconian Ice Elementalist)    Turns: 2308, Time: 00:04:22

Health: -16/33     AC: 11    Str: 10    XL:     4   Next: 70%
Magic:  3/8        EV: 12    Int: 15    God:
Gold:   116        SH:  0    Dex: 13    Spells: 2 memorised, 5 levels left

rFire  . . .     SeeInvis .     j - +0 hunting sling
rCold  . . .     Gourm    .     (armour unavailable)
rNeg   . . .     Faith    .     (no shield)
rPois  .         Spirit   .     (helmet restricted)
rElec  .         Dismiss  .     (no cloak)
rCorr  .         Reflect  .     (no gloves)
SustAt .         Harm     .     n - +0 pair of boots
MR     .....                    (no amulet)
Stlth  ++........               (no ring)
                                (no ring)

@: icy armour (expiring), slow, not resistant to hostile enchantments,
unstealthy
A: unfitting armour, cold-blooded, AC +5
a: no special abilities


You were on level 4 of the Dungeon.
You were hungry.

You visited 1 branch of the dungeon, and saw 4 of its levels.

You collected 116 gold pieces.

Inventory:

Hand Weapons
 e - a +0 short sword of protection
 j - a +0 hunting sling (weapon)
 y - a +0 dagger of chaos
Missiles
 c - 107 stones (quivered)
Armour
 n - a +0 pair of boots (worn)
Jewellery
 g - an uncursed ring of protection from magic {unknown}
 x - an uncursed ring of ice {unknown}
Wands
 v - a wand of random effects (23/48)
Scrolls
 d - 2 scrolls of magic mapping {unknown}
 h - 4 scrolls of identify {unknown}
 k - a scroll of teleportation {unknown}
 l - 3 scrolls of noise {unknown}
 m - a scroll of fear {unknown}
 q - a scroll of blinking {unknown}
 r - 2 scrolls of amnesia {unknown}
 w - a scroll of remove curse {unknown}
Potions
 f - a potion of brilliance {unknown}
 o - a potion of heal wounds {unknown}
 p - 3 potions of curing {unknown}
 t - a potion of degeneration {unknown}
 u - a potion of agility {unknown}
Books
 a - a book of Frost

   Spells                             Type                      Level
   a - Freeze                         Ice                          1
   b - Throw Frost                    Conjuration/Ice              2
   c - Ozocubu's Armour               Charms/Ice                   3
   d - Throw Icicle                   Conjuration/Ice              4
   e - Summon Ice Beast               Ice/Summoning                4
Comestibles
 b - 6 bread rations
 i - 7 fruits
 s - 4 meat rations


   Skills:
 - Level 1.7 Dodging
 - Level 1.7 Stealth
 + Level 3.1 Spellcasting
   Level 1.0 Conjurations
 * Level 4.7 Ice Magic


You had 5 spell levels left.
You knew the following spells:

 Your Spells              Type           Power        Failure   Level  Hunger
a - Freeze                Ice            ###.         2%          1    #......
b - Ozocubu's Armour      Chrm/Ice       #.......     24%         3    ###....


Dungeon Overview and Level Annotations

Branches:
Dungeon (4/15)
 Temple: D:4-7

Altars:
Gozag
Makhleb
Xom
Zin


Innate Abilities, Weirdness & Mutations

Your plain brown scales are hard (AC +5).
Your body does not fit into most forms of armour.
You are cold-blooded and may be slowed by cold attacks.


Message History

Casting: Freeze
Confirm with . or Enter, or press ? or * to list all spells.
Aiming: Freeze
Press: ? - help, Shift-Dir - straight line, f/p - orc warrior
Aim: an orc warrior, wielding a halberd and wearing a chain mail (lightly wounded)
You freeze the orc warrior.
The orc warrior is lightly wounded.
Your icy armour starts to melt.
The orc warrior hits you with a halberd!
* * * LOW HITPOINT WARNING * * *
Casting: Freeze
Confirm with . or Enter, or press ? or * to list all spells.
Aiming: Freeze
Press: ? - help, Shift-Dir - straight line, f/p - orc warrior
Aim: an orc warrior, wielding a halberd and wearing a chain mail (lightly wounded)
You freeze the orc warrior.
The orc warrior is moderately wounded.
The orc warrior hits you with a halberd!!
Ouch! That really hurt!
You die...

#........#......#
#........#......#
#........#......#
#........#......#
##########'##### #.#
#.#
#####################.#
#.........@oo.........#
#.#####################
#.##..........#
#.##.########.# #.##.#
#.# #.##.#
#.############# #.##.#
#.............. #....#
############### #.####


You could see an orc warrior and an orc.

Vanquished Creatures
  A crimson imp (D:3)
  A worker ant (D:4)
  An adder (D:3)
  A worm (D:2)
  2 orcs
  8 bats
  3 giant cockroaches
  5 goblins
  6 hobgoblins
  2 jackals (D:3)
  A kobold (D:3)
  2 quokkas
  A ball python (D:1)
  2 giant newts
  A quokka skeleton (D:4)
  5 rats
42 creatures vanquished.

Notes
Turn   | Place    | Note
--------------------------------------------------------------
     0 | D:1      | zxpr0jk the Draconian Ice Elementalist began the quest for the Orb.
     0 | D:1      | Reached XP level 1. HP: 14/14 MP: 3/3
   202 | D:1      | Reached XP level 2. HP: 20/20 MP: 1/5
  1061 | D:2      | Reached XP level 3. HP: 18/26 MP: 4/6
  1306 | D:3      | Learned a level 3 spell: Ozocubu's Armour
  1383 | D:3      | Found a glowing silver altar of Zin.
  1383 | D:3      | Found an opulent altar of Gozag.
  1473 | D:3      | Reached skill level 4 in Ice Magic
  1802 | D:3      | Found a burning altar of Makhleb.
  1804 | D:3      | Found a shimmering altar of Xom.
  1811 | D:3      | Reached XP level 4. HP: 22/33 MP: 3/8
  2226 | D:4      | Noticed an orc warrior
  2308 | D:4      | Demolished by an orc warrior

Vault maps used:
D:1:      minmay_arrival_loop, minmay_misc_feat_diagonals,
          hangedman_decor_clover_reticule, dk_noncrumbling_3
D:3:      grunt_temple_overflow_gold_and_silver,
          grunt_temple_overflow_champion_of_chaos
D:4:      lemuel_castle_with_subvaults

Skill      XL: |  1  2  3 |
---------------+----------+-----
Ice Magic      | 4 |  4.7
Spellcasting   | 3 |  3.1
Dodging        | |  1.7
Stealth        | |  1.7
Conjurations   | |  1.0

Action                   |  1- 3 |  4- 6 || total
-------------------------+-------+-------++-------
Melee: Unarmed           |    14 |       ||    14
       Short sword       |     5 |       ||     5
 Fire: Hunting sling     |    86 |    10 ||    96
Throw: Stone             |     7 |       ||     7
 Cast: Freeze            |    22 |     9 ||    31
       Ozocubu's Armour  |       |     1 ||     1
  Eat: Chunk             |     2 |     2 ||     4
Armor: Skin              |    31 |       ||    31
Dodge: Dodged            |    64 |     5 ||    69
